 Dungeon Crawl Stone Soup version 0.17.1-1-g73c8601 (webtiles) character file.

57 Nakatomy the Chucker (level 4, -4/72 HPs)
             Began as an Ogre Hunter on Dec 24, 2015.
             Slain by Crazy Yiuf
             ... wielding a +3 quarterstaff of chaos
              (5 damage)
             ... while paralysed by Crazy Yiuf
             ... on level 2 of the Dungeon.
             The game lasted 00:10:14 (2165 turns).

Nakatomy the Chucker (Ogre Hunter)                  Turns: 2165, Time: 00:10:14

Health: -4/72      AC:  3    Str: 22    XL:     4   Next: 0%
Magic:  13/13      EV:  1    Int: 10    God:
Gold:   84         SH:  0    Dex: 11    Spells: 0 memorised, 3 levels left

rFire  . . .     SeeInvis +     a - +0 short sword
rCold  . . .     Clarity  .     b - +0 robe
rNeg   . . .     SustAt   .     (no shield)
rPois  .         Gourm    .     (helmet restricted)
rElec  .         Spirit   .     (no cloak)
rCorr  .         Warding  .     (gloves unavailable)
rMut   .         Stasis   .     (boots unavailable)
MR     .....                    (no amulet)
Stlth  ..........               n - ring of see invisible
                                f - ring of magical power

@: paralysed, berserking, not resistant to hostile enchantments, extremely
unstealthy
A: unfitting armour, tough skin 1
a: no special abilities


You were on level 2 of the Dungeon.
You were not hungry.

You visited 1 branch of the dungeon, and saw 2 of its levels.

You collected 84 gold pieces.

Inventory:

Hand Weapons
 a - a +0 short sword (weapon)
Missiles
 d - a throwing net
 m - 41 stones (quivered)
Armour
 b - a +0 robe (worn)
Jewellery
 f - a ring of magical power (left hand)
 n - a ring of see invisible (right hand)
Scrolls
 g - a scroll of amnesia {unknown}
 i - a scroll of fog {unknown}
 k - 2 scrolls of blinking {unknown}
 l - a scroll of teleportation {unknown}
Potions
 j - a potion of heal wounds
 o - a potion of resistance {unknown}
Comestibles
 e - a bread ration
 h - a meat ration
 p - 4 chunks of flesh


   Skills:
 + Level 4.2 Fighting
 + Level 4.8 Throwing
 - Level 1.7 Dodging
 - Level 0.7 Stealth


You had 3 spell levels left.
You didn't know any spells.

Dungeon Overview and Level Annotations

Branches:
Dungeon (2/15)

Altars:
Dithmenos

Annotations:
D:2 Crazy Yiuf


Innate Abilities, Weirdness & Mutations

You are too large for most types of armour.
You have tough skin (AC +1).


Message History

Throwing (i - inventory. (,) - cycle):
m - 42 stones (quivered)
Press: ? - help, Shift-Dir - straight line, f/p - Crazy Yiuf
Aim: Crazy Yiuf, wielding a quarterstaff of chaos and wearing a runed cloak (severely wounded)
You throw a stone. The stone completely misses Crazy Yiuf.
Crazy Yiuf hits you with a quarterstaff of chaos!
You suddenly lose the ability to move!
Crazy Yiuf hits you with a quarterstaff of chaos!
* * * LOW HITPOINT WARNING * * *
A red film seems to cover your vision as you go berserk!
You feel yourself moving faster!
You feel mighty!
Crazy Yiuf hits you with a quarterstaff of chaos!
* * * LOW HITPOINT WARNING * * *
Crazy Yiuf freezes you.
* * * LOW HITPOINT WARNING * * *
Crazy Yiuf says, "Crazy?
Crazy!?
PORCUPINE!"
Crazy Yiuf hits you with a quarterstaff of chaos.
* * * LOW HITPOINT WARNING * * *
You blink.
Crazy Yiuf hits you with a quarterstaff of chaos.
You die...

#.# #..
#.# #.#
#.# #. #.#
#. #.# #.
#.# #####
#.# #)()#
#.########
#)).#
#........#
#@))#
#.....[..#
##g##
#........#
♣)♣♣
##.).....#
♣♣)♣
#..###.##
♣.♣♣ ##>#
#..# ♣♣.♣
#.######
♣♣.♣♣ #..#
♣♣..)♣
##.#
♣....♣


You could see Crazy Yiuf.

Vanquished Creatures
  2 adders (D:2)
  2 worms (D:2)
  4 giant cockroaches
  2 goblins (D:1)
  4 hobgoblins
  3 jackals (D:2)
  5 bats
  A giant gecko (D:2)
  3 kobolds (D:1)
  6 rats
32 creatures vanquished.

Notes
Turn   | Place    | Note
--------------------------------------------------------------
     0 | D:1      | Nakatomy the Ogre Hunter began the quest for the Orb.
     0 | D:1      | Reached XP level 1. HP: 22/22 MP: 1/1
   369 | D:1      | Reached XP level 2. HP: 20/31 MP: 2/2
  1348 | D:2      | Reached XP level 3. HP: 23/39 MP: 3/3
  1822 | D:2      | Found a shadowy altar of Dithmenos.
  2134 | D:2      | Reached XP level 4. HP: 48/48 MP: 4/4
  2151 | D:2      | Noticed Crazy Yiuf
  2160 | D:2      | Paralysed by Crazy Yiuf for 6 turns
  2163 | D:2      | HP: 1/72 [Crazy Yiuf/quarterstaff of chaos (5)]
  2165 | D:2      | Slain by Crazy Yiuf

Action                   |  1- 3 |  4- 6 || total
-------------------------+-------+-------++-------
Melee: Short sword       |   149 |       ||   149
Throw: Large rock        |     1 |     5 ||     6
       Stone             |    28 |     1 ||    29
       Throwing net      |       |     1 ||     1
  Use: Potion            |     2 |       ||     2
 Stab: Sleeping          |     3 |       ||     3
  Eat: Chunk             |     4 |       ||     4
